Map: Triton LE

Players

Serral - Winner!

  • Race: Zerg Zerg
  • Spawn Location: 11:00

Reynor

  • Race: Zerg Zerg
  • Spawn Location: 5:00

Event: 2019 WCS Global FInals

VOD

Have the link to the VOD?

Description

Time

  • Played on: Nov. 1, 2019, 8:44 p.m.
  • Length: 8:55

All games in this series

Show
View Real Time Build Order
Export as new Build Order

Serral Zerg - Winner!

Build Orders: Hatch First, Zergling Baneling 

Get SALT Encoding   

  12  0:00  Drone  
  13  0:12  Overlord  
  13  0:17  Drone  
  14  0:31  Drone x2  
  16  0:48  Hatchery  
  15  0:51  Drone  
  15  0:54  Drone  
  17  0:58  Drone  
  18  1:08  Extractor  
  17  1:13  Spawning Pool  
  17  1:16  Drone  
  17  1:20  Drone  
  18  1:27  Drone  
  19  1:38  Drone  
  20  1:49  Drone  
  21  2:00  Overlord, Queen x2  
  21  2:01  Zergling x2  
  26  2:09  Metabolic Boost  
  26  2:11  Drone  
  26  2:12  Drone  
  28  2:21  Drone  
  28  2:22  Drone  
  30  2:33  Hatchery  
  30  2:35  Zergling x2  
  30  2:38  Drone  
  31  2:47  Overlord  
  31  2:48  Drone  
  31  2:54  Drone  
  31  2:55  Drone  
  31  2:57  Baneling Nest  
  32  3:07  Drone x2  
  32  3:09  Zergling x8  
  32  3:12  Zergling x2  
  39  3:15  Zergling x2  
  40  3:20  Overlord  
  40  3:21  Zergling x2  
  41  3:28  Zergling x2  
  42  3:35  Evolution Chamber  
  42  3:41  Baneling x2, Drone x2  
  41  3:42  Drone  
  41  3:44  Baneling  
  41  3:45  Baneling  
  41  3:46  Overlord  
  41  3:48  Drone, Zergling x2  
  45  3:49  Drone x2  
  45  3:50  Drone  
  45  3:53  Drone  
  45  3:55  Drone  
  51  3:57  Drone  
  51  4:00  Drone  
  53  4:03  Zerg Missile Weapons Level 1  
  51  4:10  Baneling x2  
  51  4:11  Drone x3  
  51  4:12  Extractor  
  51  4:15  Queen  
  55  4:21  Roach Warren  
  55  4:22  Zergling x2  
  54  4:24  Drone  
  54  4:27  Drone  
  54  4:28  Drone  
  57  4:31  Drone x2  
  57  4:35  Extractor  
  57  4:36  Overlord  
  57  4:37  Drone x2  
  60  4:40  Zergling x2  
  60  4:43  Drone x2  
  63  4:47  Drone x2  
  63  4:50  Drone  
  66  4:53  Lair  
  66  4:58  Baneling x2  
  65  5:00  Drone  
  65  5:05  Drone x4  
  69  5:08  Drone  
  69  5:09  Baneling x2  
  69  5:11  Overlord, Drone  
  71  5:19  Extractor  
  71  5:20  Drone x2  
  69  5:21  Drone  
  69  5:26  Overlord  
  69  5:28  Roach x2  
  73  5:31  Roach x3  
  73  5:32  Roach x2  
  81  5:36  Extractor x2  
  81  5:37  Pneumatized Carapace  
  81  5:39  Overlord  
  81  5:41  Overlord  
  81  5:42  Drone x2  
  80  5:43  Drone  
  80  5:46  Overlord  
  81  5:51  Glial Reconstitution  
  81  5:53  Drone  
  81  5:54  Overseer  
  81  5:57  Drone x2  
  84  6:05  Drone x3  
  84  6:08  Evolution Chamber, Drone x2  
  88  6:11  Roach x2  
  88  6:12  Roach  
  88  6:14  Hatchery  
  93  6:18  Overlord  
  93  6:19  Overseer  
  93  6:27  Overlord  
  93  6:28  Overlord  
  93  6:29  Roach x4  
  101  6:33  Zerg Missile Weapons Level 2  
  101  6:34  Zerg Ground Armor Level 1  
  101  6:39  Baneling x2  
  101  6:44  Roach x5  
  111  6:47  Drone  
  111  6:52  Overlord x2  
  111  6:53  Roach x2  
  116  6:58  Roach x3  
  122  7:06  Roach x5  
  131  7:11  Nydus Network  
  131  7:15  Drone x2  
  131  7:16  Drone  
  131  7:19  Roach x4  
  141  7:23  Overlord  
  141  7:26  Roach  
  141  7:27  Queen  
  141  7:29  Ravager x3  
  148  7:32  Ravager  
  148  7:36  Roach x3  
  155  7:41  Roach x2  
  155  7:42  Roach x2  
  163  7:45  Roach x2  
  163  7:51  Nydus Canal  
  167  7:54  Overlord x2  
  167  7:55  Overlord x3  
  167  7:59  Overlord  
  167  8:05  Nydus Canal  
  167  8:13  Roach x4  
  167  8:14  Roach x3  
  167  8:16  Roach x2  
  167  8:18  Roach x4  
  187  8:22  Nydus Canal, Roach x2  
  187  8:23  Roach  
  187  8:26  Roach x2  
  197  8:29  Roach  
  199  8:38  Nydus Canal  
  197  8:50  Extractor  
Show
View Real Time Build Order
Export as new Build Order

Reynor Zerg 

Build Orders: Hatch First 

Get SALT Encoding   

  12  0:00  Drone  
  13  0:12  Overlord  
  13  0:16  Drone  
  14  0:30  Drone x2  
  16  0:47  Hatchery  
  16  0:49  Drone  
  16  0:53  Drone  
  16  0:56  Drone  
  18  1:07  Extractor  
  17  1:12  Spawning Pool  
  17  1:15  Drone  
  17  1:18  Drone  
  18  1:27  Drone  
  19  1:40  Drone  
  20  1:49  Drone  
  21  1:59  Overlord, Queen x2  
  21  2:00  Zergling x2  
  26  2:10  Drone x2  
  26  2:11  Metabolic Boost  
  28  2:20  Drone x2  
  30  2:32  Hatchery  
  30  2:34  Drone  
  31  2:37  Drone  
  31  2:47  Baneling Nest  
  31  2:48  Drone  
  31  2:50  Drone  
  32  2:52  Overlord  
  32  2:53  Drone  
  33  3:04  Zergling x4  
  35  3:08  Drone  
  35  3:10  Queen  
  35  3:11  Drone x2  
  40  3:13  Zergling x2  
  40  3:15  Zergling x2  
  40  3:17  Drone  
  40  3:19  Drone  
  44  3:23  Evolution Chamber  
  44  3:25  Drone  
  44  3:30  Baneling  
  44  3:34  Baneling x2  
  44  3:35  Overlord  
  43  3:43  Overlord  
  43  3:46  Zergling x6  
  46  3:48  Drone x2  
  46  3:49  Drone  
  46  3:54  Drone  
  46  3:55  Drone  
  51  3:59  Drone  
  52  4:04  Drone  
  52  4:05  Drone  
  52  4:09  Zerg Missile Weapons Level 1  
  47  4:10  Drone  
  47  4:11  Drone x3  
  47  4:16  Overlord  
  51  4:17  Drone  
  51  4:20  Drone  
  53  4:28  Drone x2  
  52  4:31  Drone x3  
  52  4:33  Zergling x2  
  52  4:37  Drone  
  57  4:39  Zergling x4  
  57  4:40  Roach Warren, Lair  
  57  4:41  Drone  
  57  4:42  Drone  
  57  4:45  Extractor x2  
  58  4:48  Overlord  
  58  4:51  Drone  
  58  4:52  Drone x2  
  60  4:54  Drone x2  
  59  5:03  Overlord  
  59  5:04  Drone x4  
  59  5:05  Drone  
  59  5:06  Queen  
  63  5:09  Zergling x6  
  63  5:10  Zergling x2  
  69  5:17  Overlord  
  69  5:18  Zergling x4  
  68  5:26  Evolution Chamber  
  68  5:27  Roach  
  65  5:29  Drone x2  
  61  5:37  Drone  
  61  5:39  Drone  
  61  5:40  Drone  
  61  5:41  Overseer  
  61  5:42  Extractor, Glial Reconstitution  
  64  5:43  Drone, Extractor  
  64  5:44  Overlord, Drone x3  
  64  5:45  Roach  
  69  5:50  Roach  
  69  5:51  Roach  
  69  5:52  Overlord, Drone  
  69  5:53  Drone  
  69  5:56  Roach  
  77  6:00  Spine Crawler  
  77  6:01  Roach  
  77  6:02  Spine Crawler  
  77  6:06  Roach x2  
  83  6:11  Roach x2  
  83  6:12  Drone x2  
  83  6:16  Drone x4, Extractor  
  83  6:17  Overlord  
  92  6:19  Drone x2  
  94  6:27  Drone x2  
  94  6:31  Overlord  
  96  6:35  Evolution Chamber  
  96  6:37  Roach  
  96  6:39  Roach  
  99  6:44  Roach x2  
  102  6:47  Roach x2  
  102  6:48  Roach  
  102  6:52  Roach x2  
  102  6:53  Hatchery  
  102  6:54  Pneumatized Carapace  
  111  6:55  Roach  
  113  7:03  Drone x6  
  113  7:06  Roach  
  113  7:09  Roach  
  113  7:11  Drone x2  
  113  7:13  Roach  
  119  7:16  Roach  
  119  7:19  Overlord x2  
  121  7:24  Overlord  
  121  7:31  Overlord  
  121  7:36  Overlord  
  121  7:37  Ravager x2  
  121  7:38  Ravager x2  
  121  7:39  Roach x5  
  121  7:43  Roach x2  
  139  7:46  Drone  
  139  7:47  Roach x2  
  144  7:52  Roach x3  
  144  7:54  Overlord  
  144  7:57  Roach x2  
  154  8:00  Ravager  
  154  8:01  Roach x2  
  165  8:05  Roach x3  
  158  8:14  Roach x4  
  158  8:15  Roach  
  158  8:18  Roach x2  
  168  8:24  Overlord  
  168  8:27  Overlord  
  168  8:32  Overlord  
Tags
 
Add a new tag
Caveats
  • Supply blocks, unpowered buildings, or Contaminate may cause inaccurate times.
  • Supply counts are checked every 10 seconds.